 Dungeon Crawl Stone Soup version 0.19-a0-1384-gbb462ca (webtiles) character file.

205 mopl the Ruffian (level 5, -2/45 HPs)
             Began as a Troll Wizard on Sept 3, 2016.
             Slain by Canard's ghost (13 damage)
             ... on level 5 of the Dungeon.
             The game lasted 00:07:30 (1245 turns).

mopl the Ruffian (Troll Wizard)                     Turns: 1245, Time: 00:07:30

Health: -2/45      AC:  5    Str: 15    XL:     5   Next: 52%
Magic:  7/7        EV: 10    Int: 14    God:
Gold:   77         SH:  0    Dex:  9    Spells: 4 memorised, 0 levels left

rFire  . . .     SeeInvis .       - Unarmed
rCold  . . .     Gourm    +     a - +0 robe
rNeg   . . .     Faith    .     (no shield)
rPois  .         Spirit   .     b - +0 hat
rElec  .         Dismiss  .     (no cloak)
rCorr  .         Reflect  .     (gloves unavailable)
MR     .....     Harm     .     (boots unavailable)
Stlth  +.........               (no amulet)
                                (no ring)
                                (no ring)

@: repel missiles
A: unfitting armour, claws 3, fast metabolism 3, gourmand, regeneration 1,
shaggy fur 1, tough skin 2
a: no special abilities


You were on level 5 of the Dungeon.
You were completely stuffed.

You visited 1 branch of the dungeon, and saw 5 of its levels.

You collected 77 gold pieces.

Inventory:

Hand Weapons
 n - a +0 blowgun
Missiles
 o - 6 poisoned needles
Armour
 a - a +0 robe (worn)
 b - a +0 hat (worn)
Scrolls
 e - a scroll of teleportation {unknown}
 g - 2 scrolls of amnesia {unknown}
 h - 2 scrolls of remove curse {unknown}
 i - a scroll of identify {unknown}
Potions
 j - a potion of heal wounds {unknown}
 k - a potion of beneficial mutation {unknown}
 l - a potion of might {unknown}
 q - a potion of berserk rage {unknown}
Books
 c - a book of Minor Magic

   Spells                             Type                      Level
   a - Magic Dart                     Conjuration                  1
   b - Blink                          Translocation                2
   c - Call Imp                       Summoning                    2
   d - Repel Missiles                 Charms/Air                   2
   e - Slow                           Hexes                        2
   f - Conjure Flame                  Conjuration/Fire             3
   g - Mephitic Cloud                 Conjuration/Poison/Air       3
Comestibles
 d - 3 bread rations
 f - a chunk of flesh
 m - 3 fruits
 p - a meat ration


   Skills:
 - Level 1.5 Dodging
 - Level 1.1 Stealth
 * Level 3.8 Unarmed Combat
 - Level 2.0 Spellcasting
 + Level 1.5 Conjurations
   Level 0.6 Summonings
 - Level 0.6 Translocations
 + Level 1.3 Air Magic
 + Level 1.2 Poison Magic


You couldn't memorise any spells.
You knew the following spells:

 Your Spells              Type           Power        Failure   Level  Hunger
a - Magic Dart            Conj           #...         14%         1    ##.....
d - Mephitic Cloud        Conj/Pois/Air  #.......     47%         3    ####...
e - Blink                 Tloc           N/A          30%         2    ###....
i - Repel Missiles        Chrm/Air       #.....       30%         2    ###....


Dungeon Overview and Level Annotations

Branches:
Dungeon (5/15)
 Temple: D:4-7

Altars:
Gozag
Trog

Shops:
D:4 (

Annotations:
D:5 Canard's ghost, novice MiSk


Innate Abilities, Weirdness & Mutations

You are too large for most types of armour.
You have claws for hands.
Your metabolism is lightning-fast.
You like to eat raw meat.
Your natural rate of healing is unusually fast.
You are covered in fur. (AC +1)
You have very tough skin. (AC +2)


Message History

You barely miss Canard's ghost.
Canard's ghost is heavily damaged.
Canard's ghost closely misses you.
You scratch Canard's ghost.
Canard's ghost is heavily damaged.
Canard's ghost misses you.
You scratch Canard's ghost.
Canard's ghost is severely damaged.
Canard's ghost hits you!
* * * LOW HITPOINT WARNING * * *
You closely miss Canard's ghost.
Canard's ghost is severely damaged.
Canard's ghost closely misses you.
You claw Canard's ghost!
Canard's ghost is almost destroyed.
Canard's ghost closely misses you.
You scratch Canard's ghost but do no damage.
Canard's ghost is almost destroyed.
Canard's ghost hits you!
You die...

#)# #.# #.# ###
#.# ...#.#
#.#.# #...#
#.#.###########
#...........W@#
#...###########
#...# #..W#
#...# #...#
#...# #...


You could see Canard's ghost.

Vanquished Creatures
  A centaur skeleton (D:4)
  A worker ant (D:4)
  A hound skeleton (D:4)
  9 adders
  An adder skeleton (D:4)
  A worm (D:2)
  A dart slug (D:3)
  A giant gecko (D:2)
  An orc (D:4)
  A ball python (D:3)
  4 giant cockroaches
  7 goblins
  4 hobgoblins
  3 jackals (D:2)
  2 quokkas
  6 bats
  A giant newt (D:2)
  3 kobolds
  3 rats
51 creatures vanquished.

Notes
Turn   | Place    | Note
-------+----------+-------------------------------------------
     0 | D:1      | mopl the Troll Wizard began the quest for the Orb.
     0 | D:1      | Reached XP level 1. HP: 16/16 MP: 2/2
    49 | D:1      | Reached skill level 1 in Unarmed Combat
   161 | D:2      | Reached XP level 2. HP: 19/24 MP: 4/4
   178 | D:2      | Learned a level 2 spell: Blink
   226 | D:1      | Reached skill level 2 in Unarmed Combat
   464 | D:2      | Reached XP level 3. HP: 31/31 MP: 5/5
   469 | D:2      | Learned a level 3 spell: Mephitic Cloud
   598 | D:3      | Reached skill level 3 in Unarmed Combat
   634 | D:3      | Reached skill level 1 in Conjurations
   642 | D:3      | Found an opulent altar of Gozag.
   679 | D:3      | Reached XP level 4. HP: 34/39 MP: 6/6
   689 | D:3      | Found a bloodstained altar of Trog.
   868 | D:4      | Reached skill level 1 in Air Magic
   917 | D:4      | Found Vicw's Weapon Shoppe.
  1063 | D:4      | Reached skill level 1 in Poison Magic
  1063 | D:4      | Reached XP level 5. HP: 36/45 MP: 7/7
  1125 | D:4      | Learned a level 2 spell: Repel Missiles
  1204 | D:5      | Entered Level 5 of the Dungeon
  1213 | D:5      | Noticed Canard's ghost (novice MiSk)
  1245 | D:5      | Slain by Canard's ghost

Vault maps used:
D:1:      evilmike_arrival_rings, minmay_hedge_maze
D:2:      lemuel_upstairs_altar
D:3:      lemuel_doored_altar, nicolae_overflow_crystal_walls, first_bread
D:4:      serial_shops, shop, lightli_corner_chamber
D:5:      st_stairs_7, uniq_pikel, uniq_edmund

Skill      XL: |  1  2  3  4 |
---------------+-------------+-----
Unarmed Combat | 1 2 3 |  3.8
Conjurations   | 1 |  1.5
Air Magic      | 1 |  1.3
Poison Magic   | 1 |  1.2
Dodging        | |  1.5
Stealth        | |  1.1
Spellcasting   | |  2.0
Summonings     | |  0.6
Translocations | |  0.6

Action                   |  1- 3 |  4- 6 || total
-------------------------+-------+-------++-------
Melee: Unarmed           |   119 |   107 ||   226
       Punch             |     2 |       ||     2
 Cast: Repel Missiles    |       |     1 ||     1
 Stab: Sleeping          |       |     3 ||     3
  Eat: Chunk             |    10 |     7 ||    17
Armor: Robe              |    76 |    30 ||   106
Dodge: Dodged            |    72 |    47 ||   119
